 Dungeon Crawl Stone Soup version 0.26.1-11-gd32895ea62 (webtiles) character file.

Game seed: 14383590342575530128

42 Almogavar the Skirmisher (level 3, -2/35 HPs)
             Began as a Gnoll Wanderer on May 6, 2021.
             Slain by Terence
             ... wielding a +4 flail of protection
              (7 damage)
             ... on level 2 of the Dungeon.
             The game lasted 00:03:57 (1318 turns).

Almogavar the Skirmisher (Gnoll Wanderer)           Turns: 1318, Time: 00:03:58

Health: -2/35      AC:  6    Str: 15    XL:     3   Next: 54%
Magic:  4/4        EV:  9    Int: 15    God:
Gold:   64         SH:  0    Dex: 13    Spells: 3/3 levels left

rFire    + . .     SeeInvis .   a - +0 short sword
rCold    . . .     Faith    .   (no shield)
rNeg     . . .     Spirit   .   e - +0 scale mail
rPois    .         Reflect  .   (no helmet)
rElec    .         Harm     .   l - scarf {shadows}
rCorr    .         Rampage  .   (no gloves)
Will     .....                  (no boots)
Stlth    ..........             (no amulet)
HPRegen  0.11/turn              j - ring of protection from fire
MPRegen  0.09/turn              (no ring)

@: no status effects
A: distributed training, fangs 1, strong nose
a: no special abilities


You were on level 2 of the Dungeon.
You visited 1 branch of the dungeon, and saw 2 of its levels.

You collected 64 gold pieces.

Inventory:

Hand Weapons
 a - a +0 short sword (weapon)
Missiles
 h - 47 stones (quivered)
 i - 13 arrows
 n - 10 poisoned darts
 q - 4 curare-tipped darts
Armour
 e - a +0 scale mail (worn)
 l - a scarf of shadows (worn)
Jewellery
 j - a ring of protection from fire (left hand)
Scrolls
 c - 2 scrolls of teleportation
 d - a scroll of remove curse {unknown}
 f - a scroll of identify {unknown}
 m - a scroll of magic mapping {unknown}
 p - a scroll of enchant weapon {unknown}
Potions
 k - a potion of curing {unknown}
 o - a potion of haste {unknown}
Miscellaneous
 b - a tin of tremorstones (inert)


   Skills:
 + Level 6.5 Fighting
 + Level 4.5 Short Blades
 + Level 0.8 Long Blades
 + Level 0.8 Axes
 + Level 0.8 Maces & Flails
 + Level 0.8 Polearms
 + Level 0.8 Staves
 + Level 0.8 Slings
 + Level 0.8 Bows
 + Level 4.5 Crossbows
 + Level 0.8 Throwing
 + Level 2.6 Armour
 + Level 0.8 Dodging
 + Level 0.8 Stealth
 + Level 2.6 Shields
 + Level 0.8 Unarmed Combat
 + Level 0.8 Spellcasting
 + Level 0.5 Conjurations
 + Level 0.5 Hexes
 + Level 0.5 Summonings
 + Level 0.5 Necromancy
 + Level 0.5 Translocations
 + Level 0.5 Transmutations
 + Level 0.5 Fire Magic
 + Level 0.5 Ice Magic
 + Level 0.5 Air Magic
 + Level 0.5 Earth Magic
 + Level 0.5 Poison Magic
 + Level 1.0 Invocations
 + Level 2.6 Evocations


You had 3 spell levels left.
You didn't know any spells.
Your spell library was empty.

Dungeon Overview and Level Annotations

Branches:
Dungeon (2/15)

Altars:

Annotations:
D:2 Terence


Innate Abilities, Weirdness & Mutations

Your experience applies equally to all skills.
You have very sharp teeth.
Your uncanny sense of smell can sniff out nearby items.


Message History

Terence is severely wounded.
Terence struggles against the net.
You hit Terence but do no damage.
Terence is severely wounded.
Terence struggles against the net.
You hit Terence.
Terence is almost dead.
Terence struggles against the net.
You hit Terence but do no damage. You bite Terence, but do no damage.
Terence is almost dead.
Terence struggles against the net.
You strike the helpless Terence from behind!
You hit Terence but do no damage. You bite Terence, but do no damage.
Terence is almost dead.
Terence struggles against the net.
The net rips apart, and Terence comes free!
You closely miss Terence.
Terence is almost dead.
Terence hits you with a +4 flail of protection!
You die...

#.###########
###.######.#
#.# #. #.#
#.###### #. #
# #......#
######.#
##.##
##...###
#......#
##...#@#
##.##@#
####.# #.#
#.# #.# #.#


You could see Terence.

Vanquished Creatures
  2 dart slugs (D:1)
  A leopard gecko (D:1)
  2 giant cockroaches (D:1)
  A goblin (D:1)
  5 hobgoblins (D:1)
  8 jackals (D:1)
  2 kobolds (D:1)
  A ball python (D:2)
  6 bats
  3 frilled lizards
  A rat (D:1)
32 creatures vanquished.

Notes
Turn   | Place    | Note
-------+----------+-------------------------------------------
     0 | D:1      | Almogavar the Gnoll Wanderer began the quest for the Orb.
     0 | D:1      | Almogavar set off with the following items: a +0 short
                  | sword, a tin of tremorstones (2/2), a scroll of
                  | teleportation, a +0 robe
     0 | D:1      | Reached XP level 1. HP: 23/23 MP: 1/1
   108 | D:1      | Reached XP level 2. HP: 14/29 MP: 2/2
   714 | D:1      | Reached XP level 3. HP: 35/35 MP: 3/3
   868 | D:1      | Reached skill level 1 in Invocations
  1301 | D:2      | Noticed Terence
  1318 | D:2      | Slain by Terence

Illustrated notes

Levels and vault maps discovered:
D:1:      nagdon_arrival_double_spiral, layout_loops_ring
D:2:      layout_loops_ring, uniq_terence, uniq_robin

Skill      XL: |  1  2  3 |
---------------+----------+-----
Invocations    | 1 |  1.0
Fighting       | |  6.5
Short Blades   | |  4.5
Long Blades    | |  0.8
Axes           | |  0.8
Maces & Flails | |  0.8
Polearms       | |  0.8
Staves         | |  0.8
Slings         | |  0.8
Bows           | |  0.8
Crossbows      | |  4.5
Throwing       | |  0.8
Armour         | |  2.6
Dodging        | |  0.8
Stealth        | |  0.8
Shields        | |  2.6
Unarmed Combat | |  0.8
Spellcasting   | |  0.8
Conjurations   | |  0.5
Hexes          | |  0.5
Summonings     | |  0.5
Necromancy     | |  0.5
Translocations | |  0.5
Transmutations | |  0.5
Fire Magic     | |  0.5
Ice Magic      | |  0.5
Air Magic      | |  0.5
Earth Magic    | |  0.5
Poison Magic   | |  0.5
Evocations     | |  2.6

Action                   || total
-------------------------++-------
Melee: Short sword       ||   139
       Bite              ||    12
Throw: Throwing net      ||     1
Evoke: Tin of tremorston ||     2
 Stab: Held in net/web   ||     1
Armor: Scale mail        ||    69
Dodge: Dodged            ||    76
